 Dungeon Crawl Stone Soup version 0.29.1-4-g47bece8355 (webtiles) character file.

Game seed: 2570245845853807049

2366 retardedninja the Cleaver (level 9, 0/78 HPs)
             Began as a Hill Orc Fighter on Dec 1, 2022.
             Slain by an eight-headed hydra (6 damage)
             ... on level 5 of the Dungeon.
             The game lasted 00:09:25 (9157 turns).

retardedninja the Cleaver (Hill Orc Fighter)        Turns: 9157, Time: 00:09:26

Health: 0/78       AC: 12    Str: 23    XL:     9   Next: 44%
Magic:  9/9        EV:  8    Int:  8    God:
Gold:   251        SH: 10    Dex: 10    Spells: 8/8 levels left

rFire   . . .      SeeInvis .   a - +0 war axe
rCold   . . .      Faith    .   c - +0 buckler
rNeg    . . .      Spirit   .   m - +0 chain mail
rPois   .          Reflect  +   (no helmet)
rElec   .          Harm     .   (no cloak)
rCorr   .          Rampage  .   f - +0 pair of gloves
Will    .....                   (no boots)
Stlth   ..........              v - amulet of reflection
HPRegen 0.23/turn               (no ring)
MPRegen 0.11/turn               (no ring)

@: no status effects
A: no striking features
a: no special abilities


You were on level 5 of the Dungeon.
You visited 1 branch of the dungeon, and saw 6 of its levels.
You also visited: Sewer.

You collected 341 gold pieces.
You spent 90 gold pieces at shops.

Inventory:

Hand Weapons
 a - a +0 war axe (weapon)
Armour
 c - a +0 buckler (worn)
 f - a +0 pair of gloves (worn)
 m - a +0 chain mail (worn)
Jewellery
 l - a ring of magical power
 o - an amulet of magic regeneration
 u - a ring of protection from fire
 v - an amulet of reflection (around neck)
Wands
 j - a wand of quicksilver (13)
 p - a wand of roots (6)
 r - a wand of digging (4)
Scrolls
 d - a scroll of immolation {unknown}
 e - a scroll of teleportation
Potions
 b - a potion of ambrosia
 g - 5 potions of lignification
 i - a potion of curing
 k - a potion of flight
 q - 2 potions of mutation


   Skills:
 + Level 6.9 Fighting
 + Level 10.7 Axes
 + Level 7.7 Armour
 + Level 1.6 Dodging
 + Level 0.7 Stealth
 + Level 5.5 Shields


You had 8 spell levels left.
You didn't know any spells.
Your spell library contained the following spells:

 Spells                   Type           Power      Damage    Failure   Level
 Dazzling Flash           Conj/Hex       0%         N/A       100%        3
 Ozocubu's Armour         Ice            0%         N/A       100%        3
 Iskenderun's Mystic Bla  Conj/Tloc      0%         2d3       100%        4
 Agony                    Necr           0%         N/A       100%        5
 Metabolic Englaciation   Hex/Ice        0%         N/A       100%        5
 Silence                  Hex/Air        0%         N/A       100%        5
 Simulacrum               Ice/Necr       0%         N/A       100%        6
 Starburst                Conj/Fire      0%         6d3       100%        6


Dungeon Overview and Level Annotations

Branches:
Dungeon (6/15)              Sewer (visited)
 Temple: D:4-7

Altars:
Makhleb
Xom
Zin
The Shining One
Beogh

Annotations:
D:3 2 transporters, Insertrandomname's ghost, weakling DrCK


Message History

* * * LOW HITPOINT WARNING * * *
The seven-headed hydra bites you but does no damage.
You are too confused!
You feel much better. The ice beast barely misses you.
The seven-headed hydra bites you.
The seven-headed hydra bites you but does no damage. x2
The seven-headed hydra bites you. x2
The seven-headed hydra bites you but does no damage. x2
You feel better.
You feel less invigorated.
The ice beast hits you but does no damage.
The seven-headed hydra bites you but does no damage.
You block the seven-headed hydra's attack.
The seven-headed hydra bites you but does no damage.
The seven-headed hydra bites you.
You block the seven-headed hydra's attack.
The seven-headed hydra bites you.
You block the seven-headed hydra's attack.
You slice one of the seven-headed hydra's heads off!
The six-headed hydra grows two more!
You hit the eight-headed hydra.
The eight-headed hydra is lightly wounded.
You slash the ice beast! The ice beast barely misses you.
The eight-headed hydra bites you!
* * * LOW HITPOINT WARNING * * *
You block the eight-headed hydra's attack. x2
The eight-headed hydra bites you but does no damage.
The eight-headed hydra bites you.
* * * LOW HITPOINT WARNING * * *
The eight-headed hydra bites you but does no damage.
The eight-headed hydra bites you!
* * * LOW HITPOINT WARNING * * *
The eight-headed hydra barely misses you.
Unknown command.
You hit the eight-headed hydra but do no damage.
The eight-headed hydra is lightly wounded.
You barely miss the ice beast. The ice beast barely misses you.
You block the eight-headed hydra's attack.
The eight-headed hydra closely misses you.
You block the eight-headed hydra's attack. x2
The eight-headed hydra bites you.
You die...

###########.##...##...# #......
............##.###....# ######.
###########.##.# ##...##########.
###########.##.####....<.........
#................##...###########
....##.##.#.##.####...#
......................#
#.#....##.#.##.####...##
....[...........@Y.....#
#.#.##..#.#.##.#D##...##
.......................#
#.#.##..#.#.##.#.##....##########
..........#.##..................<
#.............................###
............#....##..#...####.#
.........................####.#
##..##...[#.................#.#


You could see an eight-headed hydra and an ice beast.

Vanquished Creatures
  Pikel (D:4)
  A troll (D:5)
  A vampire mosquito (D:5)
  A water moccasin (D:5)
  2 black bears
  An ice beast (D:5)
  An ogre (D:6)
  A centaur (D:6)
  A kobold brigand (D:5)
  A phantom (D:4)
  2 bullfrogs (Sewer)
  A scorpion (D:4)
  A howler monkey (D:6)
  A crimson imp (D:3)
  A jelly (D:4)
  2 hounds (D:6)
  A gnoll bouda (D:6)
  2 orc priests (D:5)
  4 iguanas
  An orc wizard (D:5)
  4 gnolls (D:4)
  10 adders
  7 river rats
  3 ufetubi
  3 worms
  4 dart slugs
  14 orcs
  27 ball pythons
  6 bats
  6 endoplasms
  5 giant cockroaches
  5 goblins
  7 hobgoblins
  3 jackals (D:1)
  2 kobolds (D:1)
  4 quokkas
  7 frilled lizards
  33 rats
177 creatures vanquished.

Notes
Turn   | Place    | Note
-------+----------+-------------------------------------------
     0 | D:1      | retardedninja the Hill Orc Fighter began the quest for the
                  | Orb.
     0 | D:1      | Reached XP level 1. HP: 19/19 MP: 1/1
   348 | D:1      | Reached XP level 2. HP: 17/27 MP: 2/2
   696 | D:1      | Reached skill level 3 in Axes
   869 | D:1      | Reached XP level 3. HP: 33/33 MP: 3/3
  1032 | D:1      | Found a roughly hewn altar of Beogh.
  1094 | D:1      | Found a faded altar of an unknown god.
  1734 | D:2      | Reached skill level 4 in Axes
  1734 | D:2      | Reached XP level 4. HP: 28/40 MP: 4/4
  2589 | D:3      | Found a transporter.
  2592 | D:3      | Noticed Insertrandomname's ghost (weakling DrCK)
  2594 | D:3      | Identified the +3 dire flail "Dimiggem" {protect, Str+3}
  2594 | D:3      | Noticed an ogre
  2594 | D:3      | Noticed an ogre
  2595 | D:3      | Noticed an ogre
  2597 | D:3      | Found a transporter.
  2760 | D:3      | Noticed a black bear
  2766 | D:3      | Killed a black bear
  2767 | D:3      | Reached skill level 5 in Axes
  2767 | D:3      | Reached XP level 5. HP: 44/47 MP: 5/5
  2973 | D:3      | Reached skill level 1 in Dodging
  3074 | D:3      | Found a burning altar of Makhleb.
  3075 | D:3      | Found a shimmering altar of Xom.
  3079 | D:3      | Reached XP level 6. HP: 48/53 MP: 6/6
  3456 | D:4      | Reached skill level 6 in Axes
  4343 | D:4      | Reached skill level 5 in Fighting
  4343 | D:4      | Reached skill level 5 in Armour
  4343 | D:4      | Reached XP level 7. HP: 58/61 MP: 7/7
  4376 | D:4      | Reached skill level 7 in Axes
  4469 | D:4      | Noticed Pikel
  4484 | D:4      | Killed Pikel
  4485 | D:4      | Reached skill level 8 in Axes
  4485 | D:4      | Reached XP level 8. HP: 54/70 MP: 8/8
  4991 | D:5      | Entered Level 5 of the Dungeon
  5016 | D:5      | Found Zin's Purification Station.
  5016 | D:5      | Found a glowing silver altar of Zin.
  5027 | D:5      | Bought a potion of curing for 90 gold pieces
  5496 | D:5      | Reached skill level 9 in Axes
  5557 | D:5      | Found a glowing drain.
  5563 | Sewer    | Entered a sewer
  6945 | D:5      | Found a glowing golden altar of the Shining One.
  7369 | D:6      | Noticed a troll
  7380 | D:5      | Reached skill level 10 in Axes
  7385 | D:5      | Reached XP level 9. HP: 23/78 MP: 9/9
  7734 | D:5      | Killed a troll
  7735 | D:5      | Reached skill level 5 in Shields
  8148 | D:6      | Noticed a seven-headed hydra
  9157 | D:5      | Slain by an eight-headed hydra

Illustrated notes

Levels and vault maps discovered:
D:1:      ebering_hopf_link, layout_basic,
          hellmonk_ecumenical_altar_defaced_shrine
D:2:      layout_loops_ring, minmay_hexomino_f4
D:3:      layout_loops_corners, grunt_temple_overflow_champion_of_chaos,
          gammafunk_ghost_smash
D:4:      layout_loops_ring, feat_on_display, uniq_pikel
D:5:      layout_basic, zin_purify, general_overflow_altar, portal_sewer_entry_e
D:6:      cheibrodos_fzero, layout_rooms, ebering_ghost_inner_flame,
          st_stairs_3, minmay_fractal_squares_gapless_5, uniq_blork_the_orc

Skill      XL: |  1  2  3  4  5  6  7  8  9 |
---------------+----------------------------+-----
Fighting       | 4 5 6 |  6.9
Axes           | 3 4 5 6 8 10 | 10.7
Armour         | 4 5 6 7 |  7.7
Dodging        | 1 |  1.6
Shields        | 4 5 |  5.5
Stealth        | |  0.7

Action                   |  1- 3 |  4- 6 |  7- 9 || total
-------------------------+-------+-------+-------++-------
Melee: War axe           |   106 |   119 |   302 ||   527
  Use: Potion            |       |     1 |    13 ||    14
       Scroll            |       |     2 |     9 ||    11
 Stab: Invisible         |       |       |     1 ||     1
Armor: Scale mail        |    64 |     3 |       ||    67
       Chain mail        |       |    62 |   224 ||   286
Dodge: Dodged            |    60 |    47 |   128 ||   235
Block: Buckler           |    14 |    28 |   212 ||   254
       Reflection        |       |       |     3 ||     3
